Icehogs vs Gangsters
Created - 14 avril 2013 at 19:10
Goals
|
| Icehogs |
1 |
0 |
2 |
3 |
| Gangsters |
0 |
0 |
1 |
1 |
|
Shots
|
| Icehogs |
7 |
9 |
6 |
22 |
| Gangsters |
9 |
10 |
2 |
21 |
|
1st period
1. Icehogs , Stanislav Chistov 27 (Josh Hennessy) at 15:54
Penalties :
Dylan Hunter (Roc) for Unsportsmanlike conduct (Major / Game Misconduct) at 0:46, Jim Vandermeer (Bro) for Hooking (Minor) at 19:43
2nd period
No Goal
Penalties :
Tim Jackman (Bro) for Hooking (Minor) at 5:26, Jaroslav Balastik (Bro) for Tripping (Minor) at 9:53, Cory Murphy (Bro) for Delaying the game (Minor) at 13:22, Artem Anisimov (Bro) for Interference (Minor) at 15:42, Mikko Lehtonen (Bro) for Close Hand On Puck (Minor) at 18:56
3rd period
2. Icehogs , Josh Hennessy 10 (Nikolai Kulemin, Stanislav Chistov) at 0:36 (PP)
3. Gangsters , Jaroslav Balastik 43 (Valtteri Filppula) at 0:52
4. Icehogs , Vladimir Mihalik 2 (Ville Nieminen) at 19:27 (Empty Net)
Penalties :
Alexei Emelin (Bro) for Tripping (Minor) at 3:46
Goalie Stats
José Theodore (Roc), 20 saves from 21 shots - (0,952), W, 27-19-4, 60:00 minutes
Steve Valiquette (Bro), 19 saves from 21 shots - (0,905), L, 28-14-4, 59:40 minutes
Players Stats for Icehogs
Player Name G A P +/- PIM S H SB GA TA FO MP PP MP PK MP
------------------------------------------------------------------------------------
B.J. Crombeen 0 0 0 -1 0 1 0 1 2 1 3/3 21:13 7:24 1:58
Brett Sterling 0 0 0 0 0 5 1 0 0 0 0/1 12:47 0:03 1:17
Chris Mueller 0 0 0 1 0 1 1 0 0 0 2/8 10:38 0:00 0:00
Dylan Hunter 0 0 0 0 15 0 0 0 0 0 0/0 0:04 0:00 0:00
Gilbert Brule 0 0 0 -1 0 3 0 1 0 0 10/24 22:27 7:24 1:11
Jason King 0 0 0 1 0 4 2 0 1 1 1/1 13:12 0:03 0:00
Josh Hennessy 1 1 2 1 0 1 4 0 0 0 2/8 18:07 6:07 0:00
Karl Alzner 0 0 0 2 0 0 1 0 0 0 0/0 22:26 6:13 0:43
Milan Jurcina 0 0 0 -1 0 0 0 1 0 0 0/0 20:55 5:22 2:09
Nikolai Kulemin 0 1 1 1 0 1 0 1 1 0 0/0 19:15 6:07 1:44
Paul Ranger 0 0 0 0 0 0 0 1 0 0 0/0 10:11 1:27 2:07
Ryan Parent 0 0 0 0 0 0 3 0 0 2 0/0 28:04 8:09 2:07
Ryan Shannon 0 0 0 0 0 1 0 2 0 0 0/1 9:52 0:03 0:00
Shane Sims 0 0 0 1 0 0 0 0 0 0 0/0 12:15 0:32 0:43
Stanislav Chistov 1 1 2 1 0 2 2 0 0 0 0/0 19:00 6:07 1:40
Travis Moen 0 0 0 0 0 0 1 0 0 1 0/0 9:10 0:00 0:15
Ville Nieminen 0 1 1 0 0 2 1 0 0 1 0/0 21:11 7:24 1:53
Vladimir Mihalik 1 0 1 0 0 1 2 0 1 0 0/0 21:18 5:25 2:09
Players Stats for Gangsters
Player Name G A P +/- PIM S H SB GA TA FO MP PP MP PK MP
------------------------------------------------------------------------------------
Alexei Emelin 0 0 0 -1 2 1 5 0 1 0 0/0 21:24 2:05 4:41
Artem Anisimov 0 0 0 0 2 1 0 0 0 0 4/6 7:44 0:00 0:00
Byron Ritchie 0 0 0 -2 0 0 1 0 0 1 4/5 16:34 0:42 4:49
Chris Bourque 0 0 0 -1 0 1 2 0 0 0 1/1 13:50 0:59 2:26
Cory Murphy 0 0 0 1 2 2 5 3 0 1 0/0 26:27 2:03 7:06
Dave Steckel 0 0 0 0 0 1 2 0 1 0 5/8 16:26 1:45 3:48
Igor Radulov 0 0 0 0 0 3 1 0 0 0 0/0 13:28 1:41 0:36
Jaroslav Balastik 1 0 1 0 2 3 1 1 1 0 2/3 21:56 1:54 6:12
Jim Vandermeer 0 0 0 0 2 0 0 0 0 0 0/0 3:52 0:51 0:00
Matt Read 0 0 0 0 0 0 2 0 0 0 0/0 12:41 1:41 0:00
Mike Commodore 0 0 0 -1 0 1 1 0 1 2 0/0 22:09 2:05 5:39
Mikko Lehtonen 0 0 0 0 2 2 4 0 0 0 0/0 8:55 0:59 0:00
Nick Foligno 0 0 0 0 0 0 2 0 0 0 0/0 11:16 0:25 2:32
Ryan Keller 0 0 0 -1 0 0 3 0 0 0 0/0 10:37 1:03 0:00
Staffan Kronwall 0 0 0 1 0 1 1 2 1 0 0/0 26:59 2:03 8:09
Tim Jackman 0 0 0 0 2 2 1 0 0 0 0/0 15:35 1:54 0:00
Valtteri Filppula 0 1 1 0 0 3 4 0 0 0 12/23 22:19 1:54 6:52
Ville Koistinen 0 0 0 -1 0 0 0 0 1 1 0/0 14:07 0:51 1:26
3 Stars
1 - Josh Hennessy (Roc)
2 - Stanislav Chistov (Roc)
3 - José Theodore (Roc)
Power Play
Icehogs - 1 on 7 Attempt(s) - 14,29%
Gangsters - 0 on 1 Attempt(s) - 0,00%
Penalty Kill
Icehogs - 1 on 1 Attempt(s) - 100,00%
- Score 0 goal in Penalty Kill
Gangsters - 6 on 7 Attempt(s) - 85,71%
- Score 0 goal in Penalty Kill
Official
Referees : Devorski Paul and Walkom Stephen
Linesman : Jay Sharrers and Brian Mach
Game Notes
Dylan Hunter ejected from game at 0:46 of 1st period
Jim Vandermeer is injured at 1:53 of 2nd period (Bruised Left Foot)
Paul Ranger is injured at 2:17 of 2nd period (Back)
Vladimir Mihalik has scored in a empty net!
Icehogs
5 vs 5 Forward
Center Left Wing Right Wing Time % Phy DF OF
1 Gilbert Brule Ville Nieminen B.J. Crombeen 40 1 2 2
2 Josh Hennessy Nikolai Kulemin Stanislav Chistov 30 1 2 2
3 Chris Mueller Brett Sterling Jason King 20 1 2 2
4 Dylan Hunter Travis Moen Ryan Shannon 10 1 2 2
5 vs 5 Defense
Defense Defense Time % Phy DF OF
1 Paul Ranger Ryan Parent 40 1 2 2
2 Vladimir Mihalik Milan Jurcina 30 1 2 2
3 Karl Alzner Shane Sims 20 1 2 2
4 Paul Ranger Ryan Parent 10 1 2 2
PowerPlay Forward
Center Left Wing Right Wing Time % Phy DF OF
1 Gilbert Brule Ville Nieminen B.J. Crombeen 60 1 2 2
2 Josh Hennessy Nikolai Kulemin Stanislav Chistov 40 1 2 2
PowerPlay Defense
Defense Defense Time % Phy DF OF
1 Paul Ranger Ryan Parent 60 1 2 2
2 Vladimir Mihalik Milan Jurcina 40 1 2 2
Penalty Kill 4 Players Forward
Center Wing Time % Phy DF OF
1 B.J. Crombeen Ville Nieminen 60 1 2 2
2 Stanislav Chistov Nikolai Kulemin 40 1 2 2
Penalty Kill 4 Players Defense
Defense Defense Time % Phy DF OF
1 Paul Ranger Ryan Parent 60 1 2 2
2 Vladimir Mihalik Milan Jurcina 40 1 2 2
Penalty Kill - 3 Players Forward
Forward Time % Phy DF OF
1 B.J. Crombeen 60 1 2 2
2 Ville Nieminen 40 1 2 2
Penalty Kill - 3 Players Defense
Defense Defense Time % Phy DF OF
1 Paul Ranger Ryan Parent 60 1 2 2
2 Vladimir Mihalik Milan Jurcina 40 1 2 2
4 vs 4 Forward
Center Wing Time % Phy DF OF
1 B.J. Crombeen Ville Nieminen 60 1 2 2
2 Stanislav Chistov Nikolai Kulemin 40 1 2 2
4 vs 4 Defense
Defense Defense Time % Phy DF OF
1 Paul Ranger Ryan Parent 60 1 2 2
2 Vladimir Mihalik Milan Jurcina 40 1 2 2
Last Minutes Offensive
Center Left Wing Right Wing Defense Defense
Gilbert Brule Ville Nieminen B.J. Crombeen Paul Ranger Ryan Parent
Last Minutes Defensive
Center Left Wing Right Wing Defense Defense
Gilbert Brule Ville Nieminen B.J. Crombeen Paul Ranger Ryan Parent
Goaltenders
Starting : José Theodore
Backup : Jeff Deslauriers
Extra Forwards
Normal : Jason King, Ryan Shannon, Brett Sterling - PP : Jason King, Ryan Shannon - PK : Brett Sterling
Extra Defensemen
Normal : Karl Alzner, Shane Sims, Vladimir Mihalik - PP : Karl Alzner - PK : Shane Sims, Vladimir Mihalik
Penalty Shots
B.J. Crombeen, Ville Nieminen, Stanislav Chistov, Nikolai Kulemin, Gilbert Brule
Gangsters
5 vs 5 Forward
Center Left Wing Right Wing Time % Phy DF OF
1 Valtteri Filppula Jaroslav Balastik Tim Jackman 40 1 2 2
2 Dave Steckel Igor Radulov Matt Read 30 1 2 2
3 Byron Ritchie Chris Bourque Ryan Keller 20 1 2 2
4 Artem Anisimov Nick Foligno Mikko Lehtonen 10 1 2 2
5 vs 5 Defense
Defense Defense Time % Phy DF OF
1 Cory Murphy Staffan Kronwall 40 1 2 2
2 Mike Commodore Alexei Emelin 30 1 2 2
3 Ville Koistinen Jim Vandermeer 20 1 2 2
4 Cory Murphy Staffan Kronwall 10 1 2 2
PowerPlay Forward
Center Left Wing Right Wing Time % Phy DF OF
1 Valtteri Filppula Jaroslav Balastik Tim Jackman 60 1 2 2
2 Dave Steckel Igor Radulov Matt Read 40 1 2 2
PowerPlay Defense
Defense Defense Time % Phy DF OF
1 Cory Murphy Staffan Kronwall 60 1 2 2
2 Mike Commodore Alexei Emelin 40 1 2 2
Penalty Kill 4 Players Forward
Center Wing Time % Phy DF OF
1 Valtteri Filppula Jaroslav Balastik 60 1 2 2
2 Dave Steckel Byron Ritchie 40 1 2 2
Penalty Kill 4 Players Defense
Defense Defense Time % Phy DF OF
1 Cory Murphy Staffan Kronwall 60 1 2 2
2 Mike Commodore Alexei Emelin 40 1 2 2
Penalty Kill - 3 Players Forward
Forward Time % Phy DF OF
1 Valtteri Filppula 60 1 2 2
2 Jaroslav Balastik 40 1 2 2
Penalty Kill - 3 Players Defense
Defense Defense Time % Phy DF OF
1 Cory Murphy Staffan Kronwall 60 1 2 2
2 Mike Commodore Alexei Emelin 40 1 2 2
4 vs 4 Forward
Center Wing Time % Phy DF OF
1 Valtteri Filppula Jaroslav Balastik 60 1 2 2
2 Dave Steckel Byron Ritchie 40 1 2 2
4 vs 4 Defense
Defense Defense Time % Phy DF OF
1 Cory Murphy Staffan Kronwall 60 1 2 2
2 Mike Commodore Alexei Emelin 40 1 2 2
Last Minutes Offensive
Center Left Wing Right Wing Defense Defense
Valtteri Filppula Jaroslav Balastik Tim Jackman Cory Murphy Staffan Kronwall
Last Minutes Defensive
Center Left Wing Right Wing Defense Defense
Valtteri Filppula Jaroslav Balastik Tim Jackman Cory Murphy Staffan Kronwall
Goaltenders
Starting : Steve Valiquette
Backup : David LeNeveu
Extra Forwards
Normal : Chris Bourque, Ryan Keller, Nick Foligno - PP : Chris Bourque, Ryan Keller - PK : Nick Foligno
Extra Defensemen
Normal : Ville Koistinen, Jim Vandermeer, Mike Commodore - PP : Ville Koistinen - PK : Jim Vandermeer, Mike Commodore
Penalty Shots
Valtteri Filppula, Jaroslav Balastik, Dave Steckel, Byron Ritchie, Tim Jackman
% Time on Ice - Icehogs
Lines # - Real PCT - Wanted PCT - Time Play
Normal Forward
1 - 25% - 40% - 10:24
2 - 33% - 30% - 13:17
3 - 19% - 20% - 7:49
4 - 23% - 10% - 9:18
Normal Defense
1 - 53% - 40% - 21:29
2 - 24% - 30% - 9:52
3 - 14% - 20% - 5:54
4 - 9% - 10% - 3:33
PP Forward
1 - 55% - 60% - 7:27
2 - 45% - 40% - 6:07
PP Defense
1 - 69% - 60% - 9:24
2 - 31% - 40% - 4:10
PK Forward
1 - 61% - 60% - 3:01
2 - 39% - 40% - 1:58
PK Defense
1 - 42% - 60% - 2:07
2 - 58% - 40% - 2:52
PK3 Forward
1 - 0% - 60%
2 - 0% - 40%
PK3 Defense
1 - 0% - 60%
2 - 0% - 40%
44 Forward
1 - 0% - 60%
2 - 0% - 40%
44 Defense
1 - 0% - 60%
2 - 0% - 40%
Last Minute Offensive - 0:00
Last Minute Defensive - 0:39
Total
Forward - 60:00
Defense - 60:00
|
% Time on Ice - Gangsters
Lines # - Real PCT - Wanted PCT - Time Play
Normal Forward
1 - 33% - 40% - 13:30
2 - 30% - 30% - 12:04
3 - 19% - 20% - 7:46
4 - 18% - 10% - 7:29
Normal Defense
1 - 33% - 40% - 13:39
2 - 22% - 30% - 9:01
3 - 42% - 20% - 17:18
4 - 2% - 10% - 0:51
PP Forward
1 - 60% - 60% - 3:00
2 - 40% - 40% - 1:59
PP Defense
1 - 58% - 60% - 2:54
2 - 42% - 40% - 2:05
PK Forward
1 - 72% - 60% - 9:49
2 - 28% - 40% - 3:45
PK Defense
1 - 59% - 60% - 7:59
2 - 41% - 40% - 5:35
PK3 Forward
1 - 0% - 60%
2 - 0% - 40%
PK3 Defense
1 - 0% - 60%
2 - 0% - 40%
44 Forward
1 - 0% - 60%
2 - 0% - 40%
44 Defense
1 - 0% - 60%
2 - 0% - 40%
Last Minute Offensive - 0:38
Last Minute Defensive - 0:00
Total
Forward - 60:00
Defense - 60:00
|
Play by Play
1st period
0:01 of 1st period - Gilbert Brule wins face-off versus Valtteri Filppula in neutral zone.
0:46 of 1st period - Major / Game Misconduct Penalty to Dylan Hunter for Unsportsmanlike conduct.
0:46 of 1st period - Dylan Hunter is ejected from game.
0:47 of 1st period - B.J. Crombeen wins face-off versus Valtteri Filppula in Icehogs zone.
0:47 of 1st period - B.J. Crombeen is hit by Tim Jackman.
0:59 of 1st period - Slapshot by Ville Nieminen.
0:59 of 1st period - Stopped by Steve Valiquette without a rebound.
1:00 of 1st period - B.J. Crombeen wins face-off versus Dave Steckel in Gangsters zone.
3:17 of 1st period - Ryan Parent is hit by Igor Radulov and loses puck.
3:32 of 1st period - Stanislav Chistov is hit by Ryan Keller and loses puck.
3:51 of 1st period - Vladimir Mihalik is hit by Cory Murphy and loses puck.
5:19 of 1st period - Ville Koistinen is hit by Vladimir Mihalik and loses puck.
5:46 of 1st period - Penalty to Dylan Hunter is over, Jason King is send on ice.
6:02 of 1st period - Staffan Kronwall is hit by Travis Moen and loses puck.
8:29 of 1st period - Ryan Keller is hit by Stanislav Chistov and loses puck.
9:10 of 1st period - Icing by Karl Alzner.
9:11 of 1st period - Byron Ritchie wins face-off versus Gilbert Brule in Icehogs zone.
9:12 of 1st period - Slapshot by Chris Bourque.
9:12 of 1st period - Stopped by José Theodore without a rebound.
9:13 of 1st period - Byron Ritchie wins face-off versus Chris Mueller in Icehogs zone.
9:48 of 1st period - Staffan Kronwall is hit by Vladimir Mihalik and loses puck.
10:03 of 1st period - Wrist shot by Igor Radulov.
10:03 of 1st period - Stopped by José Theodore with a rebound.
10:11 of 1st period - Wrist shot by Jaroslav Balastik.
10:11 of 1st period - Deflect By Tim Jackman.
10:11 of 1st period - Stopped by José Theodore with a rebound.
10:29 of 1st period - Snap shot by Ryan Keller.
10:29 of 1st period - Shot Blocked by Ryan Shannon.
10:35 of 1st period - Snap shot by Ryan Shannon.
10:35 of 1st period - Stopped by Steve Valiquette without a rebound.
10:36 of 1st period - Artem Anisimov wins face-off versus Brett Sterling in Gangsters zone.
11:25 of 1st period - Dave Steckel is hit by Stanislav Chistov.
11:38 of 1st period - Off-side.
11:39 of 1st period - Byron Ritchie wins face-off versus Chris Mueller in neutral zone.
11:44 of 1st period - Ryan Keller is hit by Jason King and loses puck.
13:06 of 1st period - Snap shot by Gilbert Brule.
13:06 of 1st period - Stopped by Steve Valiquette without a rebound.
13:07 of 1st period - Gilbert Brule wins face-off versus Artem Anisimov in Gangsters zone.
14:19 of 1st period - Slapshot by Byron Ritchie.
14:19 of 1st period - Shot Blocked by Gilbert Brule.
14:37 of 1st period - Snap shot by Stanislav Chistov.
14:37 of 1st period - Shot Misses the Net.
15:15 of 1st period - Wrist shot by Igor Radulov.
15:15 of 1st period - Stopped by José Theodore with a rebound.
15:17 of 1st period - Wrist shot by Dave Steckel.
15:17 of 1st period - Shot Misses the Net.
15:19 of 1st period - Slapshot by Cory Murphy.
15:19 of 1st period - Stopped by José Theodore with a rebound.
15:39 of 1st period - Travis Moen is hit by Alexei Emelin and loses puck.
15:52 of 1st period - Wrist shot by Josh Hennessy.
15:52 of 1st period - Shot Misses the Net.
15:54 of 1st period - Slapshot by Stanislav Chistov.
15:54 of 1st period - Goal by Stanislav Chistov - Icehogs : 1 - Gangsters : 0.
15:55 of 1st period - Valtteri Filppula wins face-off versus Josh Hennessy in neutral zone.
16:00 of 1st period - Snap shot by Valtteri Filppula.
16:00 of 1st period - Stopped by José Theodore with a rebound.
16:02 of 1st period - Slapshot by Mike Commodore.
16:02 of 1st period - Stopped by José Theodore without a rebound.
16:03 of 1st period - Valtteri Filppula wins face-off versus Josh Hennessy in Icehogs zone.
16:12 of 1st period - Backhand shot by Stanislav Chistov.
16:12 of 1st period - Stopped by Steve Valiquette with a rebound.
17:34 of 1st period - Slapshot by Cory Murphy.
17:34 of 1st period - Deflect By Artem Anisimov.
17:34 of 1st period - Shot Blocked by Paul Ranger.
17:34 of 1st period - Puck is out of play.
17:35 of 1st period - Dave Steckel wins face-off versus Josh Hennessy in Icehogs zone.
17:38 of 1st period - Wrist shot by Dave Steckel.
17:38 of 1st period - Stopped by José Theodore without a rebound.
17:39 of 1st period - Dave Steckel wins face-off versus Josh Hennessy in Icehogs zone.
17:50 of 1st period - Snap shot by Nikolai Kulemin.
17:50 of 1st period - Stopped by Steve Valiquette without a rebound.
17:51 of 1st period - Valtteri Filppula wins face-off versus Gilbert Brule in Gangsters zone.
18:06 of 1st period - Wrist shot by B.J. Crombeen.
18:06 of 1st period - Shot Blocked by Jaroslav Balastik.
18:21 of 1st period - Staffan Kronwall is hit by Josh Hennessy and loses puck.
18:38 of 1st period - Slapshot by Jason King.
18:38 of 1st period - Stopped by Steve Valiquette with a rebound.
19:42 of 1st period - Wrist shot by Igor Radulov.
19:42 of 1st period - Stopped by José Theodore without a rebound.
19:43 of 1st period - Valtteri Filppula wins face-off versus Gilbert Brule in Icehogs zone.
19:43 of 1st period - Minor Penalty to Jim Vandermeer for Hooking.
19:44 of 1st period - Jaroslav Balastik wins face-off versus Gilbert Brule in Gangsters zone.
2nd period
0:01 of 2nd period - Jaroslav Balastik wins face-off versus Gilbert Brule in neutral zone.
0:10 of 2nd period - Wrist shot by Jaroslav Balastik.
0:10 of 2nd period - Stopped by José Theodore without a rebound.
0:11 of 2nd period - Gilbert Brule wins face-off versus Valtteri Filppula in Icehogs zone.
0:13 of 2nd period - Icing by Ville Nieminen.
0:14 of 2nd period - Gilbert Brule wins face-off versus Valtteri Filppula in Icehogs zone.
1:43 of 2nd period - Penalty to Jim Vandermeer is over, Jim Vandermeer is back on ice.
1:52 of 2nd period - Jim Vandermeer is hit by Chris Mueller and loses puck.
1:53 of 2nd period - Jim Vandermeer from Gangsters is injured at 1:53 of 2nd period (Bruised Left Foot).
1:54 of 2nd period - Gilbert Brule wins face-off versus Valtteri Filppula in Gangsters zone.
2:01 of 2nd period - Snap shot by B.J. Crombeen.
2:01 of 2nd period - Stopped by Steve Valiquette with a rebound.
2:09 of 2nd period - Snap shot by Cory Murphy.
2:09 of 2nd period - Stopped by José Theodore without a rebound.
2:10 of 2nd period - Dave Steckel wins face-off versus Josh Hennessy in Icehogs zone.
2:11 of 2nd period - Snap shot by Igor Radulov.
2:11 of 2nd period - Shot Blocked by Nikolai Kulemin.
2:16 of 2nd period - Paul Ranger is hit by Dave Steckel and loses puck.
2:17 of 2nd period - Paul Ranger from Icehogs is injured at 2:17 of 2nd period (Back).
2:18 of 2nd period - Valtteri Filppula wins face-off versus Gilbert Brule in Gangsters zone.
2:23 of 2nd period - Snap shot by Jaroslav Balastik.
2:23 of 2nd period - Shot Misses the Net.
2:43 of 2nd period - Stanislav Chistov is hit by Matt Read and loses puck.
3:01 of 2nd period - Icing by Ryan Keller.
3:02 of 2nd period - Byron Ritchie wins face-off versus Chris Mueller in Gangsters zone.
3:07 of 2nd period - Wrist shot by Jason King.
3:07 of 2nd period - Deflect By Chris Mueller.
3:07 of 2nd period - Stopped by Steve Valiquette with a rebound.
3:09 of 2nd period - Slapshot by Jason King.
3:09 of 2nd period - Shot Misses the Net.
3:11 of 2nd period - Slapshot by Jason King.
3:11 of 2nd period - Stopped by Steve Valiquette with a rebound.
3:13 of 2nd period - Snap shot by Brett Sterling.
3:13 of 2nd period - Stopped by Steve Valiquette with a rebound.
3:17 of 2nd period - Backhand shot by Jason King.
3:17 of 2nd period - Stopped by Steve Valiquette without a rebound.
3:18 of 2nd period - Valtteri Filppula wins face-off versus Gilbert Brule in Gangsters zone.
3:55 of 2nd period - Snap shot by Gilbert Brule.
3:55 of 2nd period - Stopped by Steve Valiquette without a rebound.
3:56 of 2nd period - Valtteri Filppula wins face-off versus Josh Hennessy in Gangsters zone.
4:03 of 2nd period - Slapshot by Cory Murphy.
4:03 of 2nd period - Shot Misses the Net.
4:05 of 2nd period - Slapshot by Staffan Kronwall.
4:05 of 2nd period - Shot Misses the Net.
4:07 of 2nd period - Snap shot by Tim Jackman.
4:07 of 2nd period - Stopped by José Theodore with a rebound.
4:09 of 2nd period - Snap shot by Valtteri Filppula.
4:09 of 2nd period - Shot Misses the Net.
4:11 of 2nd period - Snap shot by Tim Jackman.
4:11 of 2nd period - Shot Misses the Net.
5:08 of 2nd period - Off-side.
5:09 of 2nd period - Chris Mueller wins face-off versus Jaroslav Balastik in neutral zone.
5:12 of 2nd period - Wrist shot by Brett Sterling.
5:12 of 2nd period - Deflect By Valtteri Filppula.
5:12 of 2nd period - Shot Misses the Net.
5:12 of 2nd period - Puck is out of play.
5:13 of 2nd period - Valtteri Filppula wins face-off versus Chris Mueller in Gangsters zone.
5:13 of 2nd period - Valtteri Filppula is hit by Ryan Parent.
5:26 of 2nd period - Minor Penalty to Tim Jackman for Hooking.
5:27 of 2nd period - Valtteri Filppula wins face-off versus Gilbert Brule in Gangsters zone.
5:52 of 2nd period - Staffan Kronwall is hit by Josh Hennessy and loses puck.
7:08 of 2nd period - Milan Jurcina is hit by Cory Murphy and loses puck.
7:26 of 2nd period - Penalty to Tim Jackman is over, Tim Jackman is back on ice.
7:37 of 2nd period - Slapshot by Valtteri Filppula.
7:37 of 2nd period - Shot Misses the Net.
7:39 of 2nd period - Slapshot by Valtteri Filppula.
7:39 of 2nd period - Stopped by José Theodore without a rebound.
7:40 of 2nd period - Chris Mueller wins face-off versus Dave Steckel in Icehogs zone.
8:23 of 2nd period - Vladimir Mihalik is hit by Mikko Lehtonen.
9:30 of 2nd period - Ryan Shannon is hit by Chris Bourque and loses puck.
9:44 of 2nd period - Wrist shot by Mikko Lehtonen.
9:44 of 2nd period - Stopped by José Theodore without a rebound.
9:45 of 2nd period - Artem Anisimov wins face-off versus Gilbert Brule in Icehogs zone.
9:48 of 2nd period - Wrist shot by Cory Murphy.
9:48 of 2nd period - Shot Blocked by B.J. Crombeen.
9:50 of 2nd period - Wrist shot by Artem Anisimov.
9:50 of 2nd period - Stopped by José Theodore without a rebound.
9:51 of 2nd period - Josh Hennessy wins face-off versus Valtteri Filppula in Icehogs zone.
9:53 of 2nd period - Minor Penalty to Jaroslav Balastik for Tripping.
9:54 of 2nd period - Valtteri Filppula wins face-off versus Gilbert Brule in Gangsters zone.
10:09 of 2nd period - Snap shot by Gilbert Brule.
10:09 of 2nd period - Shot Misses the Net.
10:49 of 2nd period - Alexei Emelin is hit by Josh Hennessy and loses puck.
11:53 of 2nd period - Penalty to Jaroslav Balastik is over, Jaroslav Balastik is back on ice.
11:56 of 2nd period - Wrist shot by Mike Commodore.
11:56 of 2nd period - Deflect By Igor Radulov.
11:56 of 2nd period - Shot Misses the Net.
11:56 of 2nd period - Puck is out of play.
11:57 of 2nd period - Artem Anisimov wins face-off versus Ryan Shannon in Icehogs zone.
11:58 of 2nd period - Wrist shot by Mikko Lehtonen.
11:58 of 2nd period - Stopped by José Theodore without a rebound.
11:59 of 2nd period - Jason King wins face-off versus Artem Anisimov in Icehogs zone.
12:04 of 2nd period - Snap shot by Brett Sterling.
12:04 of 2nd period - Deflect By Jason King.
12:04 of 2nd period - Stopped by Steve Valiquette with a rebound.
12:42 of 2nd period - Ville Nieminen is hit by Cory Murphy.
13:08 of 2nd period - Valtteri Filppula is hit by Karl Alzner and loses puck.
13:13 of 2nd period - Slapshot by Stanislav Chistov.
13:13 of 2nd period - Shot Misses the Net.
13:22 of 2nd period - Minor Penalty to Cory Murphy for Delaying the game.
13:23 of 2nd period - Dave Steckel wins face-off versus Gilbert Brule in Gangsters zone.
15:22 of 2nd period - Penalty to Cory Murphy is over, Cory Murphy is back on ice.
15:26 of 2nd period - Backhand shot by Dave Steckel.
15:26 of 2nd period - Shot Misses the Net.
15:28 of 2nd period - Slapshot by Staffan Kronwall.
15:28 of 2nd period - Stopped by José Theodore without a rebound.
15:29 of 2nd period - Artem Anisimov wins face-off versus Chris Mueller in Icehogs zone.
15:36 of 2nd period - Mike Commodore is hit by Brett Sterling and loses puck.
15:42 of 2nd period - Minor Penalty to Artem Anisimov for Interference.
15:43 of 2nd period - Valtteri Filppula wins face-off versus Gilbert Brule in Gangsters zone.
15:54 of 2nd period - Snap shot by Valtteri Filppula.
15:54 of 2nd period - Shot Misses the Net.
15:56 of 2nd period - Snap shot by Valtteri Filppula.
15:56 of 2nd period - Stopped by José Theodore with a rebound.
15:58 of 2nd period - Backhand shot by Staffan Kronwall.
15:58 of 2nd period - Deflect By Jaroslav Balastik.
15:58 of 2nd period - Shot Misses the Net.
15:58 of 2nd period - Puck is out of play.
15:59 of 2nd period - Gilbert Brule wins face-off versus Valtteri Filppula in Icehogs zone.
16:06 of 2nd period - Gilbert Brule is hit by Cory Murphy and loses puck.
16:36 of 2nd period - Ryan Parent is hit by Valtteri Filppula and loses puck.
17:42 of 2nd period - Penalty to Artem Anisimov is over, Artem Anisimov is back on ice.
17:48 of 2nd period - Snap shot by Brett Sterling.
17:48 of 2nd period - Stopped by Steve Valiquette without a rebound.
17:49 of 2nd period - Dave Steckel wins face-off versus Chris Mueller in Gangsters zone.
17:49 of 2nd period - Dave Steckel is hit by Jason King.
17:55 of 2nd period - Snap shot by Brett Sterling.
17:55 of 2nd period - Stopped by Steve Valiquette with a rebound.
18:38 of 2nd period - Milan Jurcina is hit by Valtteri Filppula and loses puck.
18:51 of 2nd period - Jason King is hit by Alexei Emelin.
18:56 of 2nd period - Minor Penalty to Mikko Lehtonen for Close Hand On Puck.
18:57 of 2nd period - Gilbert Brule wins face-off versus Valtteri Filppula in Gangsters zone.
19:50 of 2nd period - Slapshot by Alexei Emelin.
19:50 of 2nd period - Stopped by José Theodore with a rebound.
19:52 of 2nd period - Snap shot by Byron Ritchie.
19:52 of 2nd period - Shot Blocked by Milan Jurcina.
3rd period
0:01 of 3rd period - Gilbert Brule wins face-off versus Valtteri Filppula in neutral zone.
0:04 of 3rd period - Wrist shot by Gilbert Brule.
0:04 of 3rd period - Shot Blocked by Cory Murphy.
0:06 of 3rd period - Slapshot by Ryan Parent.
0:06 of 3rd period - Shot Blocked by Staffan Kronwall.
0:08 of 3rd period - Slapshot by Gilbert Brule.
0:08 of 3rd period - Shot Misses the Net.
0:10 of 3rd period - Snap shot by Gilbert Brule.
0:10 of 3rd period - Shot Misses the Net.
0:12 of 3rd period - Slapshot by Ryan Parent.
0:12 of 3rd period - Shot Blocked by Staffan Kronwall.
0:14 of 3rd period - Slapshot by Karl Alzner.
0:14 of 3rd period - Shot Misses the Net.
0:16 of 3rd period - Snap shot by B.J. Crombeen.
0:16 of 3rd period - Shot Blocked by Cory Murphy.
0:34 of 3rd period - Wrist shot by Nikolai Kulemin.
0:34 of 3rd period - Shot Blocked by Cory Murphy.
0:36 of 3rd period - Slapshot by Josh Hennessy.
0:36 of 3rd period - Deflect By Byron Ritchie.
0:36 of 3rd period - Goal by Josh Hennessy - Icehogs : 2 - Gangsters : 0.
0:37 of 3rd period - Gilbert Brule wins face-off versus Valtteri Filppula in neutral zone.
0:52 of 3rd period - Wrist shot by Jaroslav Balastik.
0:52 of 3rd period - Goal by Jaroslav Balastik - Icehogs : 2 - Gangsters : 1.
0:53 of 3rd period - Valtteri Filppula wins face-off versus Gilbert Brule in neutral zone.
1:02 of 3rd period - Wrist shot by B.J. Crombeen.
1:02 of 3rd period - Deflect By Gilbert Brule.
1:02 of 3rd period - Stopped by Steve Valiquette with a rebound.
2:28 of 3rd period - Shane Sims is hit by Valtteri Filppula and loses puck.
2:35 of 3rd period - Snap shot by Jaroslav Balastik.
2:35 of 3rd period - Stopped by José Theodore without a rebound.
2:36 of 3rd period - B.J. Crombeen wins face-off versus Dave Steckel in Icehogs zone.
2:47 of 3rd period - Ville Koistinen is hit by Ville Nieminen and loses puck.
3:07 of 3rd period - Snap shot by Brett Sterling.
3:07 of 3rd period - Stopped by Steve Valiquette with a rebound.
3:15 of 3rd period - Wrist shot by Brett Sterling.
3:15 of 3rd period - Stopped by Steve Valiquette without a rebound.
3:16 of 3rd period - Josh Hennessy wins face-off versus Byron Ritchie in Gangsters zone.
3:46 of 3rd period - Minor Penalty to Alexei Emelin for Tripping.
3:47 of 3rd period - Gilbert Brule wins face-off versus Valtteri Filppula in Gangsters zone.
4:00 of 3rd period - Slapshot by Gilbert Brule.
4:00 of 3rd period - Shot Misses the Net.
4:12 of 3rd period - Ryan Parent is hit by Staffan Kronwall and loses puck.
5:46 of 3rd period - Penalty to Alexei Emelin is over, Alexei Emelin is back on ice.
6:35 of 3rd period - Ryan Parent is hit by Cory Murphy and loses puck.
6:49 of 3rd period - Jason King is hit by Valtteri Filppula and loses puck.
7:05 of 3rd period - Stanislav Chistov is hit by Mikko Lehtonen and loses puck.
7:39 of 3rd period - Stanislav Chistov is hit by Byron Ritchie and loses puck.
8:07 of 3rd period - Jason King is hit by Chris Bourque and loses puck.
8:14 of 3rd period - Jason King is hit by Alexei Emelin.
8:30 of 3rd period - Ryan Parent is hit by Mikko Lehtonen and loses puck.
8:47 of 3rd period - Josh Hennessy is hit by Ryan Keller and loses puck.
8:58 of 3rd period - Staffan Kronwall is hit by Ryan Parent and loses puck.
10:41 of 3rd period - Nikolai Kulemin is hit by Nick Foligno and loses puck.
11:23 of 3rd period - Jason King is hit by Mikko Lehtonen and loses puck.
12:07 of 3rd period - Travis Moen is hit by Alexei Emelin.
12:27 of 3rd period - Milan Jurcina is hit by Ryan Keller and loses puck.
13:23 of 3rd period - Travis Moen is hit by Jaroslav Balastik and loses puck.
13:38 of 3rd period - Stanislav Chistov is hit by Alexei Emelin.
13:54 of 3rd period - Chris Mueller is hit by Dave Steckel.
15:06 of 3rd period - Travis Moen is hit by Matt Read and loses puck.
16:25 of 3rd period - Ryan Parent is hit by Nick Foligno and loses puck.
16:48 of 3rd period - Ryan Keller is hit by Josh Hennessy and loses puck.
18:24 of 3rd period - Stanislav Chistov is hit by Mike Commodore and loses puck.
18:59 of 3rd period - Wrist shot by Ville Nieminen.
18:59 of 3rd period - Stopped by Steve Valiquette with a rebound.
19:07 of 3rd period - Gangsters, Steve Valiquette is pulled from the net.
19:27 of 3rd period - Slapshot by Vladimir Mihalik.
19:27 of 3rd period - Goal by Vladimir Mihalik - Icehogs : 3 - Gangsters : 1.
19:27 of 3rd period - Steve Valiquette from Gangsters was sent back in the game.
19:28 of 3rd period - Chris Bourque wins face-off versus Gilbert Brule in neutral zone.
19:32 of 3rd period - Staffan Kronwall is hit by Ryan Parent.
19:40 of 3rd period - Snap shot by Tim Jackman.
19:40 of 3rd period - Shot Blocked by Ryan Shannon.
Output by the SimonT Hockey Simulator (STHS) for François Prévost -- Original Page W3C XHTML 1.0 Valid